AoeStats
← Sergio9108

Arena

510447462Analyzed
4v4 RM · 2d ago on Oct 1, 2026· 50m 50s· 8 players
Game mode
Random Map
Map size
Large (8 player)
Population
200
Speed
Normal
Resources
Standard
Victory
Conquest
Starting age
Dark Age
Ending age
Imperial Age
RankedLock teamsTeams togetherTeam positionsShared explorationLock speedFull tech treeHidden civsTurbo modeCheats
Victory
Defeat
🇲🇽 Britons · Mexico
1119
+15
🇨🇴 Burmese · Colombia
1107
+15
🇺🇸 Saxons · United States
1106
+15
🇺🇸 Maya · United States
1100
+16
🇲🇽 Khitans · Mexico
1382
-27
🇲🇽 Turks · Mexico
1109
-16
941
-9
🇲🇽 Malians · Mexico
934
-9
PuneMahaWarrior
0:33 Loom
10:42 Feudal Age
13:02 Double-Bit Axe
16:28 Castle Age
14:27 Stone Mining
17:21 Bow Saw
19:12 Fletching
22:27 Bodkin Arrow
26:43 Wheelbarrow
33:38 Imperial Age
32:12 Gold Mining
34:15 Hand Cart
35:08 Bracer
36:34 Stone Shaft Mining
35:47 Crossbowman
36:57 Thumb Ring
37:51 Arbalester
39:03 Ballistics
41:10 Chemistry
40:11 Padded Archer Armor
41:34 Fortified Wall
42:55 Leather Archer Armor
48:47 Ring Archer Armor
mrbubbles019
11:04 Feudal Age
14:33 Castle Age
13:59 Double-Bit Axe
13:57 Horse Collar
14:32 Loom
17:37 Bow Saw
25:50 Wheelbarrow
30:28 Heavy Plow
31:22 Gold Mining
32:38 Gold Shaft Mining
32:25 Hand Cart
33:30 Fortified Wall
33:41 Man-at-Arms
34:09 Gambesons
37:16 Imperial Age
34:47 Long Swordsman
36:58 Masonry
36:36 Arson
36:39 Pikeman
37:48 Fletching
37:58 Padded Archer Armor
37:59 Two-Handed Swordsman
38:55 Forging
38:46 Scale Mail Armor
38:20 Shield Wall
40:31 Iron Casting
40:40 Crop Rotation
40:36 Chain Mail Armor
40:20 Bodkin Arrow
40:56 Conscription
40:57 Champion
42:06 Bracer
42:07 Padded Archer Armor
43:03 Squires
43:42 Plate Mail Armor
Hari_Seldon
10:44 Feudal Age
14:31 Castle Age
13:32 Fletching
14:18 Double-Bit Axe
14:15 Horse Collar
18:23 Crossbowman
22:30 Wheelbarrow
24:56 Hand Cart
26:08 Town Watch
27:00 Bow Saw
27:55 Ballistics
27:49 Bodkin Arrow
28:11 Padded Archer Armor
29:26 Leather Archer Armor
30:31 Fortified Wall
31:20 Forging
34:47 Imperial Age
33:19 Heavy Plow
34:39 Gold Mining
34:41 Stone Mining
35:04 Arbalester
35:57 Masonry
37:28 Two-Man Saw
37:30 Chemistry
36:32 Scale Mail Armor
35:54 Pikeman
37:17 Gold Shaft Mining
37:35 Chain Mail Armor
37:15 Halberdier
38:44 Bracer
40:29 Plate Mail Armor
39:31 Onager
40:22 Loom
40:28 Capped Ram
42:10 Town Patrol
42:42 Ring Archer Armor
43:02 Architecture
44:45 Iron Casting
46:41 Blast Furnace
46:36 Yeomen
48:24 Elite Longbowman
Sergio9108
6:32 Loom
8:56 Feudal Age
10:59 Fletching
21:25 Castle Age
21:41 Town Watch
23:07 Bodkin Arrow
26:26 Husbandry
26:36 Bloodlines
30:38 Redemption
30:40 Horse Collar
33:23 Sanctity
35:26 Atonement
35:39 Fervor
37:09 Forging
37:04 Scale Barding Armor
40:01 Imperial Age
38:07 Squires
37:29 Pikeman
38:12 Squires
37:57 Gambesons
37:58 Arson
38:17 Pikeman
39:10 Squires
38:55 Gambesons
38:56 Arson
40:14 Scale Mail Armor
40:49 Iron Casting
41:35 Block Printing
41:22 Devotion
43:34 Chain Mail Armor
46:12 Chemistry
44:53 Halberdier
46:48 Illumination
46:59 Plate Mail Armor
48:15 Man-at-Arms
49:35 Long Swordsman
50:36 Two-Handed Swordsman
Swx L9
0:42 Loom
10:55 Feudal Age
12:20 Wheelbarrow
13:06 Double-Bit Axe
18:12 Horse Collar
21:43 Castle Age
21:51 Crossbowman
21:58 Man-at-Arms
24:56 Long Swordsman
26:28 Town Watch
28:01 Bow Saw
30:00 Fletching
39:31 Imperial Age
36:45 Elite Skirmisher
38:45 Forging
39:29 Thumb Ring
40:46 Arbalester
42:45 Conscription
42:42 Scale Mail Armor
42:43 Padded Archer Armor
43:26 Bloodlines
42:37 Light Cavalry
44:01 Fortified Wall
44:54 Chemistry
43:35 Treadmill Crane
48:44 Bodkin Arrow
49:25 Iron Casting
49:06 Leather Archer Armor
49:16 Husbandry
EL TAHUR PROFESIONAL
9:47 Feudal Age
12:59 Loom
17:50 Castle Age
28:59 Wheelbarrow
28:06 Horse Collar
36:45 Imperial Age
36:22 Ballistics
37:15 Scale Barding Armor
37:49 Forging
39:18 Chain Barding Armor
39:11 Bloodlines
39:02 Husbandry
41:11 Conscription
41:56 Heavy Camel Rider
46:35 Scale Mail Armor
51:00 Chain Mail Armor
51:21 Iron Casting
FlashKiller
10:27 Feudal Age
8:42 Loom
14:40 Castle Age
13:25 Double-Bit Axe
13:22 Domestication
15:23 Wheelbarrow
15:38 Bow Saw
31:12 Forging
35:29 Iron Casting
35:52 Scale Barding Armor
38:17 Pastoralism
39:46 Hand Cart
39:39 Husbandry
39:00 Light Cavalry
44:36 Chain Barding Armor
52:57 Imperial Age
arq_lobo
12:01 Feudal Age
10:46 Loom
17:42 Castle Age
21:43 Horse Collar
26:25 Double-Bit Axe
29:52 Imperial Age
39:26 Wheelbarrow
43:45 Hand Cart
Connection lost

Rejoining the realm…

Still unreachable

The connection could not be restored.

Session expired

The server has moved on; the page needs a fresh start.